 Dungeon Crawl Stone Soup version 0.24.0-123-gd5b16e6ec5 (webtiles) character file.

Game seed: 1981356013353183195, levelgen mode: deterministic

126 Peloso the Shield-Bearer (level 4, -4/41 HPs)
             Began as a Minotaur Fighter on Dec 29, 2019.
             Splashed by a jelly's acid (10 damage)
             ... on level 3 of the Dungeon.
             The game lasted 00:03:51 (1545 turns).

Peloso the Shield-Bearer (Minotaur Fighter)         Turns: 1545, Time: 00:03:52

Health: -4/41      AC:  0    Str: 20    XL:     4   Next: 83%
Magic:  3/3        EV:  7    Int:  5    God:
Gold:   67         SH: 10    Dex: 11    Spells: 3/3 levels left

rFire    . . .     SeeInvis .   a - +0 long sword
rCold    . . .     Gourm    .   c - +0 shield
rNeg     . . .     Faith    .   j - +0 scale mail
rPois    .         Spirit   .   (helmet restricted)
rElec    .         Reflect  .   (no cloak)
rCorr    .         Harm     .   (no gloves)
MR       .....                  (no boots)
Stlth    ..........             (no amulet)
HPRegen  0.13/turn              (no ring)
MPRegen  0.08/turn              (no ring)

@: corroded
A: retaliatory headbutt, horns 2
a: no special abilities


You were on level 3 of the Dungeon.
You were not hungry.

You visited 1 branch of the dungeon, and saw 3 of its levels.

You collected 67 gold pieces.

Inventory:

Hand Weapons
 a - a +0 long sword (weapon)
 b - a +1 dagger of speed
Armour
 c - a +0 shield (worn)
 j - a +0 scale mail (worn)
Jewellery
 n - a +2 ring of intelligence {unknown}
Scrolls
 g - 4 scrolls of teleportation {unknown}
 i - 2 scrolls of remove curse {unknown}
 l - a scroll of magic mapping {unknown}
 m - 3 scrolls of identify {unknown}
 o - a scroll of enchant armour {unknown}
Potions
 d - 2 potions of might
 e - a potion of flight
 h - a potion of curing
 k - a potion of agility {unknown}
 p - a potion of brilliance
Comestibles
 f - 4 rations


   Skills:
 + Level 4.4 Fighting
 + Level 3.1 Long Blades
 + Level 4.5 Armour
 + Level 0.3 Dodging
 + Level 5.1 Shields


You had 3 spell levels left.
You didn't know any spells.
Your spell library was empty.

Dungeon Overview and Level Annotations

Branches:
Dungeon (3/15)

Altars:


Innate Abilities, Weirdness & Mutations

You reflexively headbutt those who attack you in melee.
You have a pair of horns on your head.


Message History

The jelly hits you but does no damage.
You hit the jelly. The acid corrodes you!
Your hands burn!
The jelly is heavily wounded.
The jelly hits you.
You are splashed with acid!
The jelly hits you but does no damage.
You hit the jelly but do no damage.
Your hands burn!
You headbutt the jelly.
The jelly is heavily wounded.
The jelly barely misses you.
You hit the jelly but do no damage. The acid corrodes you!
Your hands burn!
Your headbutt misses the jelly.
The jelly is heavily wounded.
The jelly hits you.
* * * LOW HITPOINT WARNING * * *
You are splashed with acid!
* * * LOW HITPOINT WARNING * * *
There is a stone staircase leading up here.
The jelly hits you.
* * * LOW HITPOINT WARNING * * *
You are splashed with acid!
You die...

##+###.......#..########
#....'(......#..#...
#....#..........#.###.#
#....###.....##r......#
#....# #.....#..#.#####
#.[..#
#...รท.#g.#.#######
+.....##.....#.....>....#
#.....##..>..#.##.#####.#
......##.....#.J@.# #.#
.#######....####### #.# .
############## #.#
..........# #.#
..........###.#
.......<..'...#
..........#####
..........# ..........#


You could see a jelly.

Vanquished Creatures
  Jessica (D:2)
  Robin (D:2)
  2 adders (D:2)
  3 worms (D:2)
  2 dart slugs (D:1)
  2 leopard geckos (D:1)
  A ball python (D:2)
  A giant cockroach (D:1)
  7 goblins
  12 hobgoblins
  2 jackals (D:1)
  2 quokkas (D:2)
  5 bats (D:2)
  2 frilled lizards
  6 kobolds
  3 rats
52 creatures vanquished.

Notes
Turn   | Place    | Note
-------+----------+-------------------------------------------
     0 | D:1      | Peloso the Minotaur Fighter began the quest for the Orb.
     0 | D:1      | Reached XP level 1. HP: 19/19 MP: 0/0
   177 | D:1      | Reached XP level 2. HP: 25/27 MP: 1/1
   576 | D:2      | Reached XP level 3. HP: 30/33 MP: 2/2
   607 | D:2      | Reached skill level 4 in Shields
   839 | D:2      | Reached XP level 4. HP: 41/41 MP: 3/3
   863 | D:2      | Noticed Jessica
   877 | D:2      | Killed Jessica
  1012 | D:2      | Noticed Robin
  1292 | D:2      | Killed Robin
  1292 | D:2      | Reached skill level 5 in Shields
  1545 | D:3      | Splashed by a jelly's acid

Levels and vault maps discovered:
D:1:      sevenhm_arrival_forest_fort_small_6, layout_basic
D:2:      layout_basic, uniq_jessica, uniq_robin
D:3:      layout_basic, evilmike_ruin_ashenzari, first_ration, roderic_batcave

Skill      XL: |  1  2  3  4 |
---------------+-------------+-----
Fighting       | 4 |  4.4
Armour         | 4 |  4.5
Shields        | 4 5 |  5.1
Long Blades    | 3 |  3.1
Dodging        | |  0.3

Action                   |  1- 3 |  4- 6 || total
-------------------------+-------+-------++-------
Melee: Long sword        |    78 |    42 ||   120
       Headbutt          |    12 |     8 ||    20
  Use: Potion            |     2 |     2 ||     4
  Eat: Chunk             |       |     2 ||     2
Armor: Scale mail        |    39 |    26 ||    65
Dodge: Dodged            |    27 |    13 ||    40
Block: Shield            |    59 |    41 ||   100
       Rpst.: Long sword |     6 |     2 ||     8
